 Dungeon Crawl Stone Soup version 0.17-a0-288-gaf424a4 (webtiles) character file.

14305 xeno23 the Arsonist (level 11, 0/64 HPs)
             Began as a Deep Elf Fire Elementalist on Mar 30, 2015.
             Was a Believer of Vehumet.
             Slain by Rupert
             ... wielding a +0 battleaxe of freezing
              (1 damage)
             ... on level 3 of the Lair of Beasts.
             The game lasted 02:07:16 (15013 turns).

xeno23 the Arsonist (Deep Elf Fire Elementalist)   Turns: 15013, Time: 02:07:16

Health: 0/64       AC: 12    Str:  5    XL:     11   Next: 87%
Magic:  5/32       EV: 17    Int: 24    God:    Vehumet [**....]
Gold:   790        SH:  0    Dex: 15    Spells: 5 memorised, 13 levels left

rFire  + + .     SeeInvis .     P - +1 trident (venom)
rCold  . . .     Clarity  .     y - +1 robe {rC+ rF+}
rNeg   . . .     SustAb   .     (no shield)
rPois  .         Gourm    +     E - +1 helmet
rElec  .         Spirit   .     N - +2 cloak
rCorr  .         Warding  .     W - +0 pair of gloves
rMut   .         Stasis   .     A - +2 pair of boots of the Assassin {Stlth++}
MR     +....                    t - amulet of the gourmand
Stlth  ++++......               k - ring of fire
                                O - ring of magical power

@: very slightly contaminated, somewhat resistant to hostile enchantments,
stealthy
A: no striking features
a: Renounce Religion


You were on level 3 of the Lair of Beasts.
You worshipped Vehumet.
Vehumet was pleased with you.
You were very full.

You visited 3 branches of the dungeon, and saw 13 of its levels.

You collected 790 gold pieces.

Inventory:

Hand weapons
 P - a +1 trident of venom (weapon)
Missiles
 B - 2 throwing nets
 H - 8 javelins (quivered)
 R - 7 tomahawks of returning
Armour
 d - a +0 buckler
 y - a +1 robe of resistance (worn)
 A - the +2 pair of boots of the Assassin (worn) {Stlth++}
   (You acquired it on level 6 of the Dungeon)

   It makes you much more stealthy.
 E - a +1 helmet (worn)
 F - a +0 fire dragon armour
 N - a +2 cloak (worn)
 W - a +0 pair of gloves (worn)
Magical staves
 K - an uncursed staff of death
Jewellery
 a - an uncursed ring of flight
 h - an uncursed ring of teleport control
 k - a ring of fire (right hand)
 q - an uncursed ring of protection from fire
 t - an amulet of the gourmand (around neck)
 w - an uncursed ring of invisibility
 L - an uncursed amulet of resist corrosion
 O - a ring of magical power (left hand)
Magical devices
 f - a wand of heal wounds (4)
 v - a wand of cold (2)
 G - a wand of disintegration (7)
 S - a wand of confusion (17)
 T - a wand of fire (4)
Scrolls
 b - a scroll of fear
 x - a scroll of magic mapping
 z - 3 scrolls of remove curse
 J - 7 scrolls of teleportation
 U - a scroll of fog
Potions
 e - 12 potions of curing
 g - 2 potions of flight {unknown}
 i - a potion of magic
 j - 2 potions of cancellation {unknown}
 o - 3 potions of restore abilities
 r - 3 potions of agility {unknown}
 s - 3 potions of mutation {unknown}
 C - a potion of heal wounds
 Q - a potion of degeneration {unknown}
 V - a potion of resistance {unknown}
Books
 p - a book of Conjurations

   Spells                             Type                      Level
   a - Magic Dart                     Conjuration                  1
   b - Searing Ray                    Conjuration                  2
   c - Dazzling Spray                 Conjuration/Hexes            3
   d - Fulminant Prism                Conjuration/Hexes            4
   e - Iskenderun's Mystic Blast      Conjuration                  4
   f - Iskenderun's Battlesphere      Conjuration/Charms           5
Miscellaneous
 l - a plain deck of wonders {drawn: 2}
Comestibles
 c - 15 bread rations
 m - 7 meat rations
 n - 5 fruits
 u - 8 slices of pizza
 D - 2 beef jerkies


   Skills:
 + Level 5.6 Fighting
 + Level 8.5 Dodging
 - Level 2.4 Stealth
 + Level 9.4 Spellcasting
 - Level 11.0 Conjurations
 * Level 4.7 Charms
 + Level 12.2 Fire Magic


You had 13 spell levels left.
You knew the following spells:

 Your Spells              Type           Power        Failure   Level  Hunger
a - Flame Tongue          Conj/Fire      #####        1%          1    None
d - Conjure Flame         Conj/Fire      #######.     1%          3    None
f - Fireball              Conj/Fire      #######...   1%          5    ####...
s - Sticky Flame          Conj/Fire      #######.     1%          4    ##.....
t - Swiftness             Chrm/Air       ###.....     3%          2    None


Dungeon Overview and Level Annotations

Branches:
Dungeon (9/15)             Temple (1/1) D:4            Lair (3/8) D:8
  Swamp: Lair:3-6    Shoals: Lair:3-6     Snake: Lair:3-6    Spider: Lair:3-6
    Orc: D:9-12

Altars:
Ashenzari
Cheibriados
Dithmenos
Elyvilon
Fedhas
Gozag
Kikubaaqudgha
Makhleb
Nemelex Xobeh
Okawaru
Qazlal
Ru
Sif Muna
Trog
Vehumet
Xom
Yredelemnul
Zin
The Shining One

Shops:
D:6 *

Annotations:
Lair:3 Rupert


Message History

Press: ? - help, Shift-Dir - straight line You feel a surge of power!
The fireball explodes!
The fireball engulfs Rupert.
Rupert is heavily wounded.
Rupert burns!
Rupert is engulfed in roaring flames.
Rupert barely misses you.
Casting: Fireball
Confirm with . or Enter, or press ? or * to list all spells.
Aiming: Fireball
Press: ? - help, Shift-Dir - straight line You feel a surge of power!
You miscast Fireball.
You are very lightly contaminated with residual magic.
Nothing appears to happen.
Rupert burns!
Rupert is engulfed in roaring flames.
Rupert hits you with a battleaxe of freezing!!!
Ouch! That really hurt!
Rupert freezes you!
* * * LOW HITPOINT WARNING * * *
Rupert is engulfed in roaring flames.
Rupert hits you with a battleaxe of freezing!
* * * LOW HITPOINT WARNING * * *
Rupert freezes you.
You die...

#......#.##### #
#......### #
#......## #
##.......# #####
#.......#######PP##
#..(..........P.P..
##............P....
##............##.#..
#..@........## ##.#P
#..@........P ####
##P......... #
#......... #
##§P##..#. #.## ###
# ..# # #.P #..


You could see Rupert (berserk).

Vanquished Creatures
  2 hydras
  Erica (D:9)
  Pikel (D:9)
  Joseph (D:8)
  A black mamba (Lair:2)
  2 spiny frogs (Lair:2)
  3 komodo dragons
  The ghost of nago the Carver, an experienced HESk of Kikubaaqudgha (D:6)
  3 polar bears (Lair:2)
  Grinder (D:4)
  A shadow (D:9)
  19 yaks
  Eustachio (D:4)
  A basilisk (Lair:1)
  A human (D:7)
  A hippogriff (D:8)
  A hungry ghost (D:7)
  3 water moccasins
  3 phantoms
  2 porcupines
  2 black bears
  3 ice beasts
  A wasp (D:9)
  2 slaves (D:9)
  3 ogres
  2 sky beasts (D:6)
  3 crocodiles
  5 centaurs
  An orc warrior (D:8)
  A big kobold (D:9)
  8 giant frogs
  3 scorpions
  5 goliath beetles
  8 hounds
  3 crimson imps
  A giant frog zombie (D:5)
  2 jellies
  Crazy Yiuf (D:6)
  8 orc priests
  4 iguanas
  11 orc wizards
  2 worker ants
  14 sheep
  A worker ant zombie (D:8)
  A mummy (D:8)
  8 gnolls
  10 adders
  9 river rats (Lair:2)
  2 shadow imps
  4 worms
  2 adder skeletons
  8 giant geckos
  An ooze (D:3)
  38 orcs
  14 bats
  A bat skeleton (D:4)
  8 giant cockroaches
  9 goblins
  13 hobgoblins
  2 giant newts
  A jackal zombie (D:5)
  17 kobolds
  6 quokkas
  15 rats
312 creatures vanquished.

Vanquished Creatures (others)
  2 slaves (D:9)
  3 sheep (Lair:1)
  A fungus (D:8)
6 creatures vanquished.

Grand Total: 318 creatures vanquished

Notes
Turn   | Place    | Note
--------------------------------------------------------------
     0 | D:1      | xeno23, the Deep Elf Fire Elementalist, began the quest for the Orb.
     0 | D:1      | Reached XP level 1. HP: 10/10 MP: 4/4
   318 | D:1      | Reached XP level 2. HP: 15/15 MP: 5/5
   733 | D:2      | Reached skill level 4 in Fire Magic
   816 | D:2      | Reached XP level 3. HP: 16/19 MP: 0/7
  1041 | D:2      | Learned a level 3 spell: Conjure Flame
  1254 | D:2      | Found a blossoming altar of Fedhas.
  1254 | D:2      | Found a shadowy altar of Dithmenos.
  1317 | D:2      | Found a white marble altar of Elyvilon.
  1772 | D:2      | Reached XP level 4. HP: 24/24 MP: 2/8
  1986 | D:2      | Noticed a giant frog
  2236 | D:3      | Found a sparkling altar of Nemelex Xobeh.
  2236 | D:3      | Found an opulent altar of Gozag.
  2731 | D:3      | Learned a level 4 spell: Sticky Flame
  2786 | D:3      | Reached skill level 5 in Fire Magic
  2786 | D:3      | Reached XP level 5. HP: 18/28 MP: 5/9
  3136 | D:4      | Found a burning altar of Makhleb.
  3183 | D:4      | Noticed a phantom
  3396 | D:2      | Killed a giant frog
  3396 | D:2      | Reached XP level 6. HP: 20/32 MP: 0/10
  3701 | D:4      | Reached skill level 5 in Conjurations
  3883 | D:4      | Found a staircase to the Ecumenical Temple.
  3889 | Temple   | Entered the Ecumenical Temple
  4286 | D:4      | Killed a phantom
  4286 | D:4      | Reached skill level 6 in Fire Magic
  4387 | D:4      | Noticed Grinder
  4418 | D:5      | Entered Level 5 of the Dungeon
  4671 | D:5      | Reached XP level 7. HP: 27/36 MP: 1/11
  4905 | D:5      | Reached skill level 7 in Fire Magic
  5633 | D:4      | Reached XP level 8. HP: 41/41 MP: 4/12
  5923 | D:4      | Noticed Eustachio
  5933 | D:4      | Killed Eustachio
  5933 | D:4      | Reached skill level 8 in Fire Magic
  6056 | D:4      | Killed Grinder
  6584 | D:6      | Found Wieviuv's Whimsical Warehouse.
  6655 | D:6      | Noticed nago's ghost (experienced HESk)
  6656 | D:6      | Reached skill level 9 in Fire Magic
  7296 | D:6      | Identified a scroll of acquirement
  7444 | D:6      | Killed nago's ghost
  7444 | D:6      | Reached XP level 9. HP: 15/45 MP: 0/14
  7718 | D:6      | Noticed Crazy Yiuf
  7724 | D:6      | Killed Crazy Yiuf
  8041 | D:6      | Learned a level 5 spell: Fireball
  8053 | D:6      | Reached skill level 10 in Fire Magic
  8346 | D:7      | Found a shimmering altar of Xom.
  8409 | D:7      | Reached skill level 10 in Conjurations
  8567 | D:7      | Found a basalt altar of Yredelemnul.
  9146 | D:8      | Reached skill level 11 in Fire Magic
  9870 | D:8      | Found a staircase to the Lair.
  9983 | D:8      | Reached XP level 10. HP: 49/51 MP: 15/15
 10241 | D:8      | Noticed Joseph
 10266 | D:8      | Killed Joseph
 10266 | D:8      | Reached skill level 1 in Fighting
 11249 | D:9      | Noticed Pikel
 11251 | D:9      | Killed Pikel
 11251 | D:9      | Reached skill level 5 in Spellcasting
 11351 | D:9      | Found a glowing silver altar of Zin.
 11515 | D:9      | Noticed Erica
 11537 | D:9      | Killed Erica
 11537 | D:9      | Reached skill level 5 in Dodging
 11753 | D:9      | Found a radiant altar of Vehumet.
 11762 | D:9      | Became a worshipper of Vehumet
 11783 | D:9      | Found a sparkling altar of Nemelex Xobeh.
 12275 | D:9      | Noticed an eight-headed hydra
 12282 | D:9      | Killed an eight-headed hydra
 12282 | D:9      | Reached XP level 11. HP: 34/61 MP: 9/21
 12444 | D:9      | Found a snail-covered altar of Cheibriados.
 12494 | Lair:1   | Entered Level 1 of the Lair of Beasts
 12922 | Lair:1   | Acquired Vehumet's first power
 12922 | Lair:1   | Offered knowledge of Shock by Vehumet.
 13264 | Lair:1   | Found a shimmering altar of Xom.
 13443 | Lair:1   | Learned a level 2 spell: Swiftness
 13547 | Lair:2   | Offered knowledge of Searing Ray by Vehumet.
 13562 | Lair:2   | Reached skill level 5 in Fighting
 13671 | Lair:2   | Noticed a five-headed hydra
 13679 | Lair:2   | Killed a five-headed hydra
 13679 | Lair:2   | Reached skill level 12 in Fire Magic
 14018 | Lair:2   | Reached skill level 1 in Charms
 15004 | Lair:3   | Noticed Rupert
 15013 | Lair:3   | HP: 1/64 [Rupert/battleaxe of freezing (11)]
 15013 | Lair:3   | Slain by Rupert

Action                   |  1- 3 |  4- 6 |  7- 9 | 10-12 || total
-------------------------+-------+-------+-------+-------++-------
Melee: Unarmed           |     5 |       |       |       ||     5
       Club              |     1 |       |       |       ||     1
       Dagger            |    41 |       |       |       ||    41
       Short sword       |     2 |    29 |       |       ||    31
       Spear             |       |    65 |   237 |       ||   302
       Hand axe          |       |     7 |       |       ||     7
       Trident           |       |       |    98 |   218 ||   316
Throw: Stone             |     3 |    12 |     5 |       ||    20
       Javelin           |       |       |     8 |       ||     8
       Tomahawk          |       |       |     2 |       ||     2
 Cast: Flame Tongue      |    42 |    89 |    83 |    74 ||   288
       Conjure Flame     |       |     7 |    14 |    13 ||    34
       Sticky Flame      |       |       |    31 |    26 ||    57
       Fireball          |       |       |     4 |    32 ||    36
Evoke: Wand              |       |       |     6 |     1 ||     7
       Deck              |       |       |       |     2 ||     2
  Use: Scroll            |     6 |     5 |     5 |     5 ||    21
       Potion            |     2 |       |     1 |       ||     3
 Stab: Sleeping          |     1 |       |    10 |     9 ||    20
       Distracted        |       |       |     1 |     2 ||     3
  Eat: Chunk             |     3 |     7 |    21 |    31 ||    62
       Beef jerky        |       |     1 |     2 |       ||     3
       Fruit             |       |       |     1 |     1 ||     2
       Royal jelly       |       |       |     1 |       ||     1
